Map: Ruby Rock LE

Players

Kimchi - Winner!

  • Race: Terran Terran
  • League: Diamond
  • Spawn Location: 5:00

A.I. 1 (Very Hard)

  • Race: Protoss Protoss
  • Spawn Location: 11:00

VOD

Have the link to the VOD?

Description

Time

  • Played on: April 25, 2026, 12:01 a.m.
  • Length: 9:35
Show
View Real Time Build Order
Export as new Build Order

Kimchi Terran - Winner!

Build Orders:  

Get SALT Encoding   

  12  0:00  SCV  
  13  0:12  SCV  
  14  0:17  Supply Depot  
  14  0:24  SCV  
  15  0:38  SCV  
  15  0:40  Barracks  
  16  0:47  Refinery  
  16  0:50  SCV  
  17  1:02  SCV  
  18  1:14  SCV  
  19  1:26  Orbital Command  
  19  1:29  Barracks Tech Lab  
  19  1:48  Marauder  
  19  1:49  Concussive Shells  
  19  1:53  Command Center  
  21  1:56  SCV  
  22  2:02  Supply Depot  
  22  2:10  SCV  
  23  2:24  Marauder  
  23  2:27  SCV  
  26  2:34  Barracks  
  26  2:35  Barracks  
  26  2:39  Stimpack  
  26  2:40  SCV  
  27  2:47  Marine  
  28  2:52  SCV  
  28  2:53  Supply Depot  
  29  3:01  Refinery  
  29  3:04  SCV  
  29  3:05  Marine  
  31  3:09  Orbital Command  
  31  3:21  Barracks Reactor  
  31  3:22  Barracks Reactor  
  31  3:23  Marine  
  31  3:26  Barracks Tech Lab  
  32  3:32  SCV  
  33  3:38  Engineering Bay  
  33  3:41  Marine  
  34  3:44  SCV  
  34  3:45  Combat Shield, Marine  
  34  3:48  SCV  
  37  3:56  Refinery, SCV  
  37  3:58  Marine  
  37  4:00  Factory, Marine  
  40  4:06  SCV  
  40  4:07  Marine  
  40  4:08  SCV  
  43  4:13  Terran Infantry Weapons Level 1  
  43  4:16  Marine  
  44  4:17  Supply Depot  
  44  4:19  SCV  
  44  4:20  Marine  
  44  4:21  Marine  
  47  4:31  SCV  
  48  4:34  SCV, Marine x2  
  48  4:35  Supply Depot  
  48  4:38  Marine  
  52  4:39  Marine  
  53  4:45  Starport, Factory Reactor  
  53  4:52  Marine x2  
  55  4:56  SCV  
  56  5:05  SCV  
  57  5:08  SCV  
  57  5:09  Command Center, Marine x2  
  57  5:11  Marine  
  61  5:14  Marine  
  61  5:21  Supply Depot  
  62  5:25  Supply Depot  
  62  5:32  Barracks x2, Marine x2  
  62  5:33  Marine  
  65  5:36  Medivac  
  65  5:38  SCV  
  56  6:02  SCV  
  56  6:05  Marine x3  
  56  6:06  Marine  
  56  6:08  Medivac x2  
  64  6:13  Terran Infantry Armor Level 1  
  64  6:16  Engineering Bay  
  64  6:20  Barracks Tech Lab  
  64  6:21  Barracks Reactor  
  64  6:23  Marine x4  
  68  6:34  Supply Depot  
  68  6:37  Armory  
  68  6:38  SCV  
  69  6:41  SCV, Marine x3  
  69  6:42  Marauder  
  69  6:46  Orbital Command  
  75  6:49  Marine  
  75  6:50  SCV  
  77  6:58  Supply Depot  
  77  6:59  Marine x3  
  77  7:00  Marine x2  
  82  7:03  Marauder, Medivac  
  82  7:07  Marine  
  88  7:08  SCV x2  
  88  7:15  SCV  
  90  7:16  Marine  
  90  7:17  Marine, Marauder  
  90  7:18  Marine x2  
  90  7:20  SCV x2  
  98  7:24  Marine  
  98  7:25  Marine  
  98  7:27  SCV  
  101  7:32  SCV x2  
  101  7:34  Marine x2  
  101  7:35  Marine x2  
  105  7:39  Marauder  
  105  7:42  Marauder, Marine  
  95  7:52  Marine x2  
  95  7:53  Marine  
  95  7:56  Marine  
  95  7:57  Medivac x2  
  103  8:00  Marauder  
  103  8:01  Marauder  
  103  8:03  Marine  
  103  8:04  Supply Depot  
  108  8:06  Supply Depot x2, SCV  
  108  8:07  Supply Depot  
  108  8:10  Marine x2  
  108  8:11  Marine  
  112  8:13  Marine  
  112  8:19  SCV  
  114  8:21  Marine, Marauder  
  114  8:26  Marine  
  118  8:28  Marine x2  
  118  8:29  Supply Depot, SCV  
  118  8:30  SCV  
  118  8:31  SCV  
  123  8:36  Marine x2  
  123  8:38  Liberator x2  
  123  8:39  Marine  
  132  8:42  SCV x2  
  132  8:47  Barracks  
  132  8:48  Barracks  
  130  8:54  SCV  
  120  9:02  Marine x7  
  123  9:06  SCV  
  134  9:31  Command Center  
  134  9:32  Refinery  
Show
View Real Time Build Order
Export as new Build Order

A.I. 1 (Very Hard) Protoss 

Build Orders: Zealot Archon 

Get SALT Encoding   

  12  0:00  Probe  
  13  0:13  Probe  
  14  0:20  Pylon  
  14  0:25  Probe  
  15  0:34  Probe  
  15  0:42  Probe  
  16  0:47  Assimilator  
  17  0:51  Gateway  
  17  0:52  Probe  
  18  0:58  Pylon  
  18  1:00  Probe  
  19  1:08  Probe  
  20  1:18  Probe  
  21  1:38  Gateway, Probe, Zealot  
  24  1:41  Cybernetics Core  
  24  1:48  Pylon  
  24  1:50  Probe  
  25  2:00  Probe  
  25  2:05  Zealot  
  25  2:08  Probe  
  28  2:16  Probe  
  28  2:20  Warp Gate  
  29  2:24  Adept  
  31  2:31  Gateway  
  31  2:32  Adept  
  33  2:42  Gateway  
  33  2:51  Stalker  
  33  2:53  Stalker  
  35  3:01  Pylon  
  35  3:02  Probe  
  38  3:08  Assimilator  
  38  3:14  Probe  
  38  3:19  Adept  
  41  3:21  Adept  
  41  3:24  Stalker  
  43  3:32  Stalker  
  47  3:42  Pylon  
  47  3:59  Robotics Facility  
  47  4:07  Twilight Council  
  47  4:16  Pylon  
  47  4:36  Zealot  
  49  4:47  Templar Archives  
  49  5:07  Nexus  
  49  5:24  High Templar  
  51  5:38  Sentry  
  51  5:42  Forge  
  53  5:46  Zealot x2  
  57  5:52  Pylon  
  57  5:59  High Templar  
  59  6:07  Stalker  
  59  6:10  Archon  
  61  6:16  Probe  
  61  6:20  Probe  
  61  6:22  Forge  
  61  6:24  Probe  
  63  6:28  Assimilator  
  63  6:30  Assimilator  
  63  6:32  Probe  
  65  6:34  Probe  
  65  6:38  High Templar  
  68  6:44  Probe  
  68  6:46  Probe  
  70  6:56  Probe  
  70  6:58  Probe  
  72  7:01  High Templar  
  72  7:04  Pylon  
  72  7:05  Stalker  
  77  7:08  Probe  
  77  7:10  Probe  
  77  7:12  Observer  
  79  7:17  Stalker  
  79  7:20  Probe  
  79  7:21  Stalker  
  79  7:22  Probe  
  85  7:26  Pylon  
  85  7:31  Sentry  
  85  7:32  Probe  
  85  7:34  Probe  
  85  7:36  Stalker  
  91  7:41  Stalker  
  91  7:42  Zealot  
  87  7:44  Probe  
  87  7:46  Probe  
  87  7:49  Zealot  
  87  7:50  Pylon  
  71  7:57  Probe  
  64  7:58  Probe, Zealot  
  64  8:01  Stalker  
  64  8:04  Zealot  
  71  8:09  Zealot  
  73  8:19  High Templar  
  75  8:24  Zealot, Sentry  
  79  8:28  Zealot  
  79  8:34  Immortal, Archon  
  84  8:41  High Templar  
  84  8:43  Zealot  
  84  8:44  Adept  
  84  8:47  Pylon  
  84  8:48  Zealot  
  58  8:59  Probe  
  58  9:01  High Templar  
  53  9:04  Zealot  
  53  9:08  Zealot  
  38  9:12  Adept  
  34  9:24  Stalker, High Templar  
  21  9:28  Zealot  
Tags
 
Composition
Zealot Archon
League
Diamond
Matchup
PvT
Spawn Locations
Cross Positions
Add a new tag
Caveats
  • Supply blocks, unpowered buildings, or Contaminate may cause inaccurate times.
  • Supply counts are checked every 10 seconds.